 Dungeon Crawl Stone Soup version 0.24.1-8-ga250c9d538 (webtiles) character file.

Game seed: 17897361705392334470, levelgen mode: deterministic

615 Hugehornet the Summoner (level 7, -5/36 HPs)
             Began as a Deep Elf Summoner on Apr 30, 2020.
             Was an Initiate of Sif Muna.
             Shot with an arrow by a centaur (9 damage)
             ... on level 5 of the Dungeon.
             The game lasted 00:30:05 (5287 turns).

Hugehornet the Summoner (Deep Elf Summoner)         Turns: 5287, Time: 00:30:05

Health: -5/36      AC:  6    Str:  5    XL:     7   Next: 21%
Magic:  14/19      EV: 13    Int: 22    God:    Sif Muna [......]
Gold:   185        SH:  0    Dex: 15    Spells: 2/19 levels left

rFire    . . .     SeeInvis .   r - +2 dagger (venom)
rCold    . . .     Gourm    .   (no shield)
rNeg     . . .     Faith    .   a - +0 robe
rPois    .         Spirit   .   (no helmet)
rElec    .         Reflect  .   (no cloak)
rCorr    .         Harm     .   (no gloves)
MR       .....     Rnd*Tele +   (no boots)
Stlth    ++........             (no amulet)
HPRegen  0.12/turn              n - +4 ring of protection
MPRegen  0.16/turn              h - ring of teleportation (curse)

@: no status effects
A: no striking features
a: Renounce Religion


You were on level 5 of the Dungeon.
You worshipped Sif Muna.
Sif Muna was noncommittal.
You were not hungry.

You visited 2 branches of the dungeon, and saw 6 of its levels.

You collected 185 gold pieces.

Inventory:

Hand Weapons
 m - the cursed +2 dagger of Purpose {pierce, *Noise +Rage Int+4 Stlth+, unknown}
   (You found it on level 5 of the Dungeon)

   It inflicts extra damage upon your enemies.
   It affects your intelligence (+4).
   It lets you go berserk.
   It may make noises in combat.
   It makes you more stealthy.
   It has a curse placed upon it.
 r - a +2 dagger of venom (weapon)
Armour
 a - a +0 robe (worn)
Jewellery
 h - a cursed ring of teleportation (right hand)
 n - a +4 ring of protection (left hand)
 o - an uncursed ring of ice
Wands
 q - a wand of random effects (11)
Scrolls
 b - 4 scrolls of teleportation
 e - a scroll of immolation
 g - 2 scrolls of remove curse
Potions
 d - a potion of degeneration
 f - a potion of lignification
 i - 2 potions of heal wounds
 j - a potion of cancellation {unknown}
 k - a potion of might {unknown}
 l - a potion of berserk rage {unknown}
 p - a potion of flight {unknown}
Comestibles
 c - 4 rations


   Skills:
 - Level 2.4 Dodging
 - Level 2.4 Stealth
 + Level 6.7 Spellcasting
 * Level 8.2 Summonings


You had 2 spell levels left.
You knew the following spells:

 Your Spells              Type           Power        Failure   Level  Hunger
a - Summon Small Mammal   Summ           ####         1%          1    None
b - Call Imp              Summ           #####...     1%          2    None
c - Call Canine Familiar  Summ           #####...     1%          3    #......
d - Summon Guardian Gole  Hex/Summ       ####....     4%          3    #......
e - Summon Ice Beast      Ice/Summ       ####....     16%         4    ###....
f - Summon Lightning Spi  Summ/Air       ####....     16%         4    ###....

Your spell library contained the following spells:

 Spells                   Type           Power        Failure   Level  Hunger


Dungeon Overview and Level Annotations

Branches:
Dungeon (5/15)             Temple (1/1) D:5

Altars:
Cheibriados
Dithmenos
Elyvilon
Fedhas
Gozag
Hepliaklqana
Kikubaaqudgha
Makhleb
Nemelex Xobeh
Okawaru
Qazlal
Ru
Sif Muna
Trog
Vehumet
Wu Jian
Xom
Yredelemnul
Zin
The Shining One


Message History

The arrow closely misses your crimson imp.
The arrow hits your crimson imp!
Your crimson imp dies!
Your crimson imp closely misses the centaur.
The centaur shoots an arrow.
The arrow hits your crimson imp!
Your crimson imp dies!
The centaur shoots an arrow.
The arrow hits your wolf!
Your wolf bites the centaur!
The centaur shoots an arrow.
The arrow closely misses your wolf. The arrow hits you.
* * * LOW HITPOINT WARNING * * *
Your wolf bites the centaur.
Your wolf barely misses the centaur.
The centaur shoots an arrow.
The arrow barely misses your wolf. The arrow hits you!
* * * LOW HITPOINT WARNING * * *
Your wolf bites the centaur.
The centaur shoots an arrow.
The arrow hits your wolf.
Your wolf dies!
Your wolf's corpse disappears in a puff of smoke!
The centaur shoots an arrow.
The arrow hits you!
You die...

... #.))). .c. ##8..8# #§#
### ####8..).⌠
.######(###..##..###..##
.......(..#......#.....#
.......(..#......###..##
.......(..#...>..##.....
.######(..+......###..##
#..##@.##..###'#_...._
######..##..##..##..###..##
#.......##..##...#..#.....⌠
#................#..##_⌠###
#................'..#######
#................#.........
#...##......######.........
######..##..#..............
#...##'####'#..............


You could see a centaur.

Vanquished Creatures
  A howler monkey (D:4)
  A dart slug (D:5)
  A leopard gecko (D:1)
  A kobold (D:1)
  A bat (D:2)
  A frilled lizard (D:3)
  A goblin (D:1)
7 creatures vanquished.

Vanquished Creatures (collateral kills)
  Prince Ribbit (D:5)
  A phantom (D:4)
  2 ogres (D:4)
  A big kobold (D:5)
  A scorpion (D:5)
  2 hounds (D:4)
  4 orc wizards
  A bullfrog skeleton (D:5)
  An orc priest (D:4)
  An iguana (D:4)
  A worker ant (D:4)
  A hound zombie (D:5)
  A howler monkey zombie (D:5)
  A mummy (D:5)
  4 gnolls (D:3)
  8 adders
  An adder skeleton (D:4)
  A worm (D:5)
  A dart slug (D:3)
  4 leopard geckos
  11 orcs
  3 giant cockroaches
  7 hobgoblins
  3 jackals (D:3)
  9 kobolds
  A quokka (D:3)
  A ball python (D:4)
  6 bats
  6 frilled lizards
  10 goblins
  2 jackal zombies (D:5)
  9 rats
106 creatures vanquished.

Grand Total: 113 creatures vanquished

Notes
Turn   | Place    | Note
-------+----------+-------------------------------------------
     0 | D:1      | Hugehornet the Deep Elf Summoner began the quest for the
                  | Orb.
     0 | D:1      | Reached XP level 1. HP: 10/10 MP: 6/6
   309 | D:1      | Reached XP level 2. HP: 12/15 MP: 7/9
   430 | D:1      | Learned a level 2 spell: Call Imp
  1273 | D:2      | Reached skill level 5 in Spellcasting
  1273 | D:2      | Reached XP level 3. HP: 19/19 MP: 2/11
  1750 | D:2      | Found a faded altar of an unknown god.
  2058 | D:3      | Reached XP level 4. HP: 24/24 MP: 13/13
  2185 | D:3      | Found a blossoming altar of Fedhas.
  2740 | D:3      | Learned a level 3 spell: Call Canine Familiar
  2744 | D:3      | Learned a level 3 spell: Summon Guardian Golem
  2834 | D:4      | Reached skill level 5 in Summonings
  3016 | D:4      | Reached XP level 5. HP: 28/28 MP: 15/15
  3122 | D:4      | Noticed a phantom
  3141 | D:4      | Killed a phantom
  3250 | D:4      | Reached skill level 6 in Summonings
  3685 | D:4      | Reached XP level 6. HP: 26/32 MP: 17/17
  3728 | D:4      | Reached skill level 7 in Summonings
  3910 | D:4      | Learned a level 4 spell: Summon Ice Beast
  3956 | D:5      | Entered Level 5 of the Dungeon
  3960 | D:5      | Noticed Prince Ribbit
  3966 | D:5      | Killed Prince Ribbit
  4112 | D:5      | Found a staircase to the Ecumenical Temple.
  4136 | Temple   | Entered the Ecumenical Temple
  4411 | D:5      | Found a sacrificial altar of Ru.
  4411 | D:5      | Found a shimmering blue altar of Sif Muna.
  4415 | D:5      | Became a worshipper of Sif Muna the Loreminder
  4454 | D:5      | Reached XP level 7. HP: 36/36 MP: 15/18
  4455 | D:5      | Reached skill level 8 in Summonings
  4462 | D:5      | Found a basalt altar of Yredelemnul.
  4504 | D:5      | Got a bloodstained dagger
  4936 | D:5      | Found a glowing golden altar of the Shining One.
  4937 | D:5      | Found a shimmering altar of Xom.
  5236 | D:5      | Learned a level 4 spell: Summon Lightning Spire
  5287 | D:5      | Shot with an arrow by a centaur

Levels and vault maps discovered:
D:1:      lemuel_arrival_funnel, layout_basic
D:2:      layout_loops_cross, chequers_ecumenical_altar_simple_redux
D:3:      layout_basic, fedhas_altar_3
D:4:      layout_basic, first_ration
D:5:      layout_gridville, minitemple, gammafunk_temple_overflow_wave,
          minmay_temple_entry_tees, gup_ossuary_entry_pyramid,
          uniq_prince_ribbit1
Temple:   eino_narrow_crystal_temple

Skill      XL: |  1  2  3  4  5  6  7 |
---------------+----------------------+-----
Spellcasting   | 4 5 6 |  6.7
Summonings     | 5 6 7 8 |  8.2
Dodging        | |  2.4
Stealth        | |  2.4

Action                   |  1- 3 |  4- 6 |  7- 9 || total
-------------------------+-------+-------+-------++-------
Melee: Dagger            |     9 |    16 |    12 ||    37
 Cast: Summon Small Mamm |    18 |       |       ||    18
       Call Imp          |    31 |    30 |     3 ||    64
       Call Canine Famil |       |    17 |     4 ||    21
       Summon Guardian G |       |     1 |       ||     1
  Use: Scroll            |       |     8 |       ||     8
 Stab: Sleeping          |     2 |     1 |     1 ||     4
  Eat: Chunk             |     3 |     7 |       ||    10
       Ration            |       |     1 |       ||     1
Armor: Robe              |     8 |    11 |     6 ||    25
Dodge: Dodged            |    16 |    45 |    25 ||    86
